 Dungeon Crawl Stone Soup version 0.21-a0-84-g85d6d27 (webtiles) character file.

42 Lianjan the Slasher (level 3, 0/27 HPs)
             Began as a Demonspawn Gladiator on July 3, 2017.
             Slain by a hobgoblin
             ... wielding a +0 club
              (4 damage)
             ... on level 2 of the Dungeon.
             The game lasted 00:03:08 (1627 turns).

Lianjan the Slasher (Demonspawn Gladiator)          Turns: 1627, Time: 00:03:08

Health: 0/27       AC:  5    Str: 15    XL:     3   Next: 35%
Magic:  3/3        EV: 12    Int:  9    God:
Gold:   34         SH:  0    Dex: 14    Spells: 2/2 levels left

rFire    . . .     SeeInvis .     - Unarmed
rCold    . . .     Gourm    .   (no shield)
rNeg     . . .     Faith    .   b - +0 leather armour
rPois    .         Spirit   .   c - +0 helmet
rElec    .         Reflect  .   l - +0 cloak
rCorr    .         Harm     .   (no gloves)
MR       .....                  (no boots)
Stlth    +.........             (no amulet)
HPRegen  0.09/turn              (no ring)
MPRegen  0.08/turn              (no ring)

@: lethally poisoned (0 -> -12)
A: hooves 1
a: no special abilities


You were on level 2 of the Dungeon.
You were not hungry.

You visited 1 branch of the dungeon, and saw 2 of its levels.

You collected 34 gold pieces.

Inventory:

Missiles
 d - 3 throwing nets (quivered)
Armour
 b - a +0 leather armour (worn)
 c - a +0 helmet (worn)
 l - a +0 cloak (worn)
Jewellery
 k - an uncursed ring of flight {unknown}
Wands
 o - a wand of clouds (4/9)
 p - a wand of confusion (23/48)
Scrolls
 e - 2 scrolls of blinking {unknown}
 g - a scroll of remove curse {unknown}
 h - a scroll of teleportation {unknown}
 j - a scroll of amnesia {unknown}
 m - a scroll of immolation {unknown}
 q - a scroll of identify {unknown}
Comestibles
 a - a royal jelly
 f - 2 bread rations
 i - a meat ration


   Skills:
 - Level 2.0 Fighting
   Level 3.2 Long Blades
 - Level 1.7 Throwing
 - Level 2.6 Dodging
 + Level 2.1 Unarmed Combat


You had 2 spell levels left.
You didn't know any spells.

Dungeon Overview and Level Annotations

Branches:
Dungeon (2/15)

Altars:
Qazlal


Innate Abilities, Weirdness & Mutations

You have large cloven feet.


Message History

You feel sick. The adder bites you but does no damage.
The hobgoblin closely misses you.
Unknown command.
You hit the adder.
You kill the adder!
Your Unarmed Combat skill increases to level 2!
You feel sick.
The hobgoblin hits you but does no damage.
You feel sick. The dart slug barely misses you.
You hit the dart slug.
You kick the dart slug, but do no damage.
The dart slug is moderately wounded.
You feel sick. The hobgoblin hits you with a club!
* * * LOW HITPOINT WARNING * * *
The dart slug closely misses you.
You hit the dart slug but do no damage. You kick the dart slug.
The dart slug is almost dead.
* * * LOW HITPOINT WARNING * * *
You feel sick. The hobgoblin hits you with a club.
You die...

#....§§#≈#≈##...##..#######
#.....≈≈≈≈§......#........#
#..÷...§.≈§≈.......#......#
#..[............##.#......#
..........####..####.#......#
###....##>.####.## #..####..#
##...##...##..# ##..# ##..
##........gw########.#####.
##.###...@............###.
#.# #####.....#####...###
##....# ##...## #....#
######..# ##''## #...##...
..... ###...... g......#
###.<.# ..#..#...###....#
..........##.....#


You could see a dart slug and a hobgoblin.

Vanquished Creatures
  An adder (D:2)
  A dart slug (D:2)
  A giant cockroach (D:1)
  6 hobgoblins
  4 jackals (D:1)
  4 kobolds (D:1)
  A ball python (D:1)
  4 bats
  A frilled lizard (D:1)
  3 goblins (D:1)
  3 rats
29 creatures vanquished.

Notes
Turn   | Place    | Note
-------+----------+-------------------------------------------
     0 | D:1      | Lianjan the Demonspawn Gladiator began the quest for the Orb.
     0 | D:1      | Reached XP level 1. HP: 16/16 MP: 1/1
    77 | D:1      | Reached skill level 3 in Long Blades
   201 | D:1      | Gained mutation: You have large cloven feet. [demonic ancestry]
   201 | D:1      | Reached XP level 2. HP: 22/22 MP: 2/2
   476 | D:1      | Reached skill level 1 in Unarmed Combat
  1298 | D:2      | Reached XP level 3. HP: 19/27 MP: 3/3
  1385 | D:2      | Found a stormy altar of Qazlal.
  1627 | D:2      | Slain by a hobgoblin

Vault maps used:
D:1:      matt_arrival_refuge, hangedman_decor_push
D:2:      minmay_overflow_temple_hex, nicolae_qazlal_general_emergency

Skill      XL: |  1  2  3 |
---------------+----------+-----
Long Blades    | 3 |  3.2
Unarmed Combat | 1 2 |  2.1
Fighting       | |  2.0
Throwing       | |  1.7
Dodging        | |  2.6

Action                   || total
-------------------------++-------
Melee: Long sword        ||    11
       Unarmed           ||    89
       Kick              ||    23
  Use: Potion            ||     1
  Eat: Chunk             ||     2
Armor: Leather armour    ||    32
Dodge: Dodged            ||    65
       Rpst.: Long sword ||     4
